 Dungeon Crawl Stone Soup version 0.20-a0-971-g5896763 (webtiles) character file.

1825 Strat the Zephyrmancer (level 9, -5/52 HPs)
             Began as a Tengu Air Elementalist on Apr 7, 2017.
             Was an Initiate of Vehumet.
             Slain by Duvessa
             ... wielding a +0 short sword
              (10 damage)
             ... on level 7 of the Dungeon on Apr 8, 2017.
             The game lasted 00:25:47 (9026 turns).

Strat the Zephyrmancer (Tengu Air Elementalist)     Turns: 9026, Time: 00:25:47

Health: -5/52      AC:  5    Str: 13    XL:     9   Next: 11%
Magic:  4/17       EV: 12    Int: 17    God:    Vehumet [......]
Gold:   327        SH:  0    Dex: 14    Spells: 7/17 levels left

rFire    . . .     SeeInvis .   a - +0 hand axe (elec)
rCold    . . .     Gourm    .   (no shield)
rNeg     . . .     Faith    .   n - +0 robe
rPois    .         Spirit   .   (helmet restricted)
rElec    .         Reflect  .   r - +1 cloak {+Inv}
rCorr    .         Harm     .   j - +0 pair of gloves
MR       .....                  (boots unavailable)
Stlth    ++........             (no amulet)
Regen    0.2/turn               E - +2 ring of strength
MPRegen  0.2/turn               (no ring)

@: about to teleport
A: beak, talons 3, able to fly 1
a: Fly, Renounce Religion, Evoke Invisibility


You were on level 7 of the Dungeon.
You worshipped Vehumet.
Vehumet was noncommittal.
You were not hungry.

You visited 2 branches of the dungeon, and saw 8 of its levels.

You collected 327 gold pieces.

Inventory:

Hand Weapons
 a - a +0 hand axe of electrocution (weapon)
   (You took it off an orc on level 3 of the Dungeon)
 b - the +3 flail of Youthful Indiscretion {holy, Stlth+}
   (You found it on level 6 of the Dungeon)

   It has been blessed by the Shining One to cause great damage to the undead
   and demons.
   It makes you more stealthy.
 f - a +0 blowgun
   (You took it off a kobold on level 3 of the Dungeon)
Missiles
 e - 134 stones (quivered)
 h - 65 poisoned needles
 B - a throwing net {=f, !d}
Armour
 j - a +0 pair of gloves (worn)
   (You found it on level 3 of the Dungeon)
 n - a +0 robe (worn)
 r - a +1 cloak of invisibility (worn)
   (You took it off Crazy Yiuf on level 3 of the Dungeon)
Jewellery
 E - a +2 ring of strength (left hand)
   (You found it on level 6 of the Dungeon)
Wands
 v - a wand of flame (39/48)
   (You found it on level 4 of the Dungeon)
 x - a wand of polymorph (4/24)
   (You found it on level 4 of the Dungeon)
Scrolls
 g - 2 scrolls of remove curse
 l - 5 scrolls of teleportation
 w - 2 scrolls of amnesia
 y - a scroll of magic mapping {!r}
Potions
 i - 2 potions of agility
 k - 2 potions of resistance
 m - 4 potions of brilliance
 o - a potion of flight {unknown}
 p - a potion of might
 q - a potion of degeneration {unknown}
 t - a potion of heal wounds {unknown}
 u - a potion of curing {unknown}
 z - a potion of haste {unknown}
Books
 A - a book of Flames
   (You found it on level 7 of the Dungeon)
 C - a book of Misfortune
   (You found it on level 6 of the Dungeon)
 G - a book of Air
Comestibles
 c - 5 bread rations {@e1}
 d - 3 meat rations {@e2}
 s - 2 fruits


   Skills:
 - Level 4.7 Fighting
 - Level 2.1 Dodging
 - Level 2.0 Stealth
 + Level 4.8 Spellcasting
 - Level 8.4 Conjurations
 + Level 9.4 Air Magic


You had 7 spell levels left.
You knew the following spells:

 Your Spells              Type           Power        Failure   Level  Hunger
a - Shock                 Conj/Air       ####         1%          1    None
b - Static Discharge      Conj/Air       ####....     1%          3    ###....
c - Airstrike             Air            #####.....   3%          4    ####...
s - Swiftness             Chrm/Air       ###.....     3%          2    #......


Dungeon Overview and Level Annotations

Branches:
Dungeon (7/15)             Temple (1/1) D:6

Altars:
Cheibriados
Elyvilon
Fedhas
Hepliaklqana
Kikubaaqudgha
Makhleb
Nemelex Xobeh
Okawaru
Qazlal
Ru
Sif Muna
Trog
Uskayaw
Vehumet
Xom
Yredelemnul
Zin
The Shining One

Shops:
D:4 (

Annotations:
D:7 Duvessa, Prince Ribbit


Innate Abilities, Weirdness & Mutations

You have a beak for a mouth.
You have claws for feet.
You can fly.


Message History

You now have 12/15 mp.
Aim: an ice beast (heavily wounded)
The zap hits the ice beast.
You now have 11/15 mp.
Aim: an ice beast (severely wounded)
The zap hits the ice beast.
You kill the ice beast!
Vehumet accepts your kill.
Your Air Magic skill increases to level 9!
You have reached level 9!
Your experience leads to an increase in your attributes!
Your base attributes are Str 10, Int 17, Dex 14.
Increase (S)trength, (I)ntelligence, or (D)exterity?
You feel stronger.
Health restored: 52 You now have 10/16 mp.
You see here a helmet.
You start resting.
MP restored: 16 A howler monkey comes into view.
The howler monkey howls!
You slash the howler monkey!
Lightning courses through the howler monkey!
You kill the howler monkey!
Vehumet accepts your kill.
A scorpion comes into view.
Aim: a scorpion (resting)
The zap hits the scorpion.
You now have 15/16 mp.
Aim: a scorpion (lightly wounded)
The zap misses the scorpion.
You now have 14/16 mp.
Aim: a scorpion (lightly wounded)
The zap misses the scorpion.
The zap hits the scorpion.
You now have 14/16 mp.
The zap hits the scorpion.
The zap misses the scorpion.
You now have 13/16 mp.
The zap hits the scorpion. x2
You kill the scorpion!
Vehumet accepts your kill.
You now have 12/17 mp.
d - 3 meat rations {@e2} (gained 1) Dowan, Brother of Duvessa comes into view.
He is wielding a dagger.
You regained 2 mp, and now have 14/17 mp.
The zap hits Dowan.
Dowan shouts!
The zap hits Dowan.
Dowan appears unharmed.
You now have 13/17 mp.
The zap hits Dowan.
You now have 12/17 mp.
The zap hits Dowan.
Dowan hits you with a dagger.
You take 2 damage, and have 50/52 hp.
You now have 11/17 mp.
Dowan is struck by lightning.
You kill Dowan!
Vehumet accepts your kill.
You hear a distant scream of rage.
The lightning arcs!
You are struck by lightning.
The lightning arcs!
You take 1 damage, and have 49/52 hp.
You now have 8/17 mp.
You start resting.
Health restored: 52; MP restored: 17 Duvessa, Sister of Dowan comes into view.
She is wielding a short sword.
Duvessa goes berserk!
Found a stone staircase leading up.
Things that are here:
a dagger; an embroidered robe
Okay, then.
Duvessa barely misses you.
Duvessa rages.
Duvessa hits you with a short sword!
You take 7 damage, and have 45/52 hp.
Duvessa hits you with a short sword!
You take 7 damage, and have 39/52 hp.
The zap hits Duvessa.
Duvessa appears unharmed.
The zap hits Duvessa.
Duvessa hits you with a short sword.
You take 1 damage, and have 38/52 hp.
You now have 16/17 mp.
Duvessa is struck by lightning.
The lightning arcs!
You are struck by lightning.
The lightning grounds out.
Duvessa hits you but does no damage. Duvessa closely misses you.
You take 4 damage, and have 34/52 hp.
You now have 13/17 mp.
Duvessa is struck by lightning.
The lightning grounds out.
Duvessa closely misses you.
You now have 10/17 mp.
Duvessa is struck by lightning.
The lightning grounds out.
Duvessa hits you with a short sword. Duvessa hits you with a short sword!
* * * LOW HITPOINT WARNING * * *
You take 15 damage, and have 19/52 hp.
MASSIVE DAMAGE!!
You now have 7/17 mp.
Duvessa is struck by lightning.
The lightning grounds out.
Duvessa hits you with a short sword!
* * * LOW HITPOINT WARNING * * *
You take 12 damage, and have 7/52 hp.
MASSIVE DAMAGE!!
You now have 4/17 mp.
As you read the scroll of teleportation, it crumbles to dust.
You feel strangely unstable. Duvessa hits you with a short sword.
* * * LOW HITPOINT WARNING * * *
Duvessa hits you with a short sword!
You die...

?#####..# ### .# ##.##
..# .# #..# #.# #
##..#### #.#.# #......#
#######.#.# #.####.#
#.........# #.# #.#
#.###...### #.# #.#
#e##.##).# ####.####.#
#@#.###.#(# #.......รท.#
#.#. <.# # #.#.#######
#.#. #.## #...# #.## #.
#..#############.###...
#..#.......[...........#
#................####..#
..##.##########..#
.###.##########..#


You could see Duvessa (berserk).

Vanquished Creatures
  A hungry ghost (D:7)
  3 ice beasts
  2 centaurs
  A big kobold (D:7)
  A bullfrog (D:7)
  3 scorpions
  Dowan (D:7)
  3 howler monkeys
  A crimson imp (D:5)
  A centaur zombie (D:5)
  A bullfrog skeleton (D:7)
  3 jellies
  Crazy Yiuf (D:3)
  3 hounds (D:5)
  2 orc wizards
  Terence (D:3)
  2 iguanas
  4 worker ants
  8 gnolls
  5 adders
  4 oozes
  4 worms
  A dart slug (D:3)
  6 leopard geckos
  13 orcs
  2 ball pythons (D:2)
  3 giant cockroaches
  6 goblins
  12 hobgoblins
  12 jackals
  16 kobolds
  A quokka (D:5)
  12 bats
  5 frilled lizards
  A jackal zombie (D:5)
  13 rats
  A fungus (D:3)
159 creatures vanquished.

Notes
Turn   | Place    | Note
-------+----------+-------------------------------------------
     0 | D:1      | Strat the Tengu Air Elementalist began the quest for the Orb.
     0 | D:1      | Reached XP level 1. HP: 10/10 MP: 4/4
   258 | D:1      | Reached skill level 2 in Conjurations
   386 | D:1      | Reached XP level 2. HP: 12/15 MP: 0/6
   988 | D:1      | Reached skill level 5 in Air Magic
   988 | D:1      | Reached XP level 3. HP: 19/19 MP: 2/7
  1103 | D:1      | Reached skill level 3 in Conjurations
  1407 | D:2      | Learned a level 2 spell: Swiftness
  1411 | D:2      | Learned a level 3 spell: Static Discharge
  1501 | D:2      | Found a blossoming altar of Fedhas.
  1799 | D:2      | Found a white marble altar of Elyvilon.
  1906 | D:2      | Reached XP level 4. HP: 19/24 MP: 8/8
  3149 | D:2      | Upgraded the game from 0.20-a0-967-g62cfa5d to 0.20-a0-971-g5896763
  3357 | D:3      | Noticed Terence
  3366 | D:3      | Killed Terence
  3366 | D:3      | Reached skill level 4 in Conjurations
  3366 | D:3      | Reached skill level 6 in Air Magic
  3366 | D:3      | Gained mutation: You can fly. [Tengu growth]
  3366 | D:3      | Reached XP level 5. HP: 28/28 MP: 4/9
  4106 | D:3      | Reached skill level 5 in Conjurations
  4469 | D:3      | Found a runed door.
  4474 | D:3      | Noticed Crazy Yiuf
  4476 | D:3      | Killed Crazy Yiuf
  4476 | D:3      | Reached skill level 7 in Air Magic
  4476 | D:3      | Reached XP level 6. HP: 32/32 MP: 7/10
  4916 | D:4      | Found Ecib's Weapon Shop.
  5059 | D:4      | Reached skill level 1 in Fighting
  5180 | D:4      | Found a sparkling altar of Nemelex Xobeh.
  5246 | D:4      | Found a hide-covered altar of Uskayaw.
  5356 | D:5      | Entered Level 5 of the Dungeon
  5444 | D:5      | Reached skill level 6 in Conjurations
  5473 | D:5      | Reached skill level 2 in Fighting
  5596 | D:5      | Reached XP level 7. HP: 40/40 MP: 7/11
  5932 | D:5      | Found a glowing silver altar of Zin.
  5935 | D:5      | Reached skill level 3 in Fighting
  5964 | D:5      | Reached skill level 7 in Conjurations
  6377 | D:5      | Reached skill level 4 in Fighting
  6411 | D:5      | Reached skill level 8 in Conjurations
  6411 | D:5      | Reached XP level 8. HP: 48/48 MP: 4/12
  6670 | D:6      | Found a staircase to the Ecumenical Temple.
  6703 | Temple   | Entered the Ecumenical Temple
  6709 | Temple   | Learned a level 4 spell: Airstrike
  6852 | Temple   | Became a worshipper of Vehumet
  6894 | D:6      | Noticed a moth of wrath
  6897 | D:6      | Found a bloodstained altar of Trog.
  6988 | D:6      | Got a warped flail
  7302 | D:6      | Identified the +3 flail of Youthful Indiscretion {holy, Stlth+} (You found it on level 6 of the Dungeon)
  7336 | D:6      | HP: 9/48 [something (5)]
  7339 | D:6      | HP: 3/48 [something (5)]
  7841 | D:6      | Found a deep blue altar of Sif Muna.
  8376 | D:7      | Reached skill level 3 in Spellcasting
  8381 | D:7      | Reached skill level 8 in Air Magic
  8545 | D:7      | Reached skill level 4 in Spellcasting
  8668 | D:7      | Noticed Prince Ribbit
  8780 | D:7      | Found a shimmering altar of Xom.
  8781 | D:7      | Found a hazy altar of Hepliaklqana.
  8781 | D:7      | Noticed a caustic shrike
  8782 | D:7      | Noticed a spectral ugly thing
  8782 | D:7      | Noticed a caustic shrike
  8875 | D:7      | Reached skill level 9 in Air Magic
  8875 | D:7      | Reached XP level 9. HP: 52/52 MP: 10/16
  8943 | D:7      | Noticed Dowan
  8947 | D:7      | Killed Dowan
  9012 | D:7      | Noticed Duvessa
  9025 | D:7      | HP: 7/52 [Duvessa/short sword (13)]
  9026 | D:7      | Slain by Duvessa

Vault maps used:
D:1:      lemuel_arrival_cross
D:2:      lemuel_round_altar, elyvilon_altar_3
D:3:      first_bread, uniq_crazy_yiuf_cottage, uniq_terence
D:4:      lemuel_crystal_altar, nemelex_xobeh_ov_fountains_minmay, serial_shops,
          shop, small_statue_intersection
D:5:      overflow_temple_1_default
D:6:      tgw_trog, nicolae_overflow_hidden_temple, temple_statues,
          minmay_strange_pillars, led_sif_pool
D:7:      regret_index_temple_of_mockery, grunt_livestock, uniq_prince_ribbit1,
          uniq_duvessa
Temple:   kb_temple_of_zot

Skill      XL: |  1  2  3  4  5  6  7  8 |
---------------+-------------------------+-----
Conjurations   | 2 3 4 5 6 8 |  8.4
Air Magic      | 5 6 7 9 |  9.4
Fighting       | 2 4 |  4.7
Spellcasting   | 4 |  4.8
Dodging        | |  2.1
Stealth        | |  2.0

Action                   |  1- 3 |  4- 6 |  7- 9 || total
-------------------------+-------+-------+-------++-------
Melee: Whip              |    23 |       |       ||    23
       Dagger            |    59 |    92 |       ||   151
       Peck              |    11 |    12 |     5 ||    28
       Kick              |    10 |    24 |    14 ||    48
       Hand axe          |       |    46 |    59 ||   105
       Flail             |       |       |     8 ||     8
Throw: Stone             |    17 |    65 |    17 ||    99
 Cast: Shock             |    36 |    70 |    73 ||   179
       Static Discharge  |       |    23 |    28 ||    51
       Swiftness         |       |       |     1 ||     1
  Use: Scroll            |     5 |     6 |     4 ||    15
 Stab: Sleeping          |     3 |     1 |     3 ||     7
  Eat: Chunk             |     4 |    11 |     9 ||    24
       Meat ration       |       |     1 |     1 ||     2
       Royal jelly       |       |       |     1 ||     1
Armor: Robe              |    33 |    44 |    22 ||    99
Dodge: Dodged            |    81 |   132 |    54 ||   267

Vault maps used:
D:1:      lemuel_arrival_cross
D:2:      lemuel_round_altar, elyvilon_altar_3
D:3:      first_bread, uniq_crazy_yiuf_cottage, uniq_terence
D:4:      lemuel_crystal_altar, nemelex_xobeh_ov_fountains_minmay, serial_shops,
          shop, small_statue_intersection
D:5:      overflow_temple_1_default
D:6:      tgw_trog, nicolae_overflow_hidden_temple, temple_statues,
          minmay_strange_pillars, led_sif_pool
D:7:      regret_index_temple_of_mockery, grunt_livestock, uniq_prince_ribbit1,
          uniq_duvessa
Temple:   kb_temple_of_zot

Table legend:
 A = Turns spent in this place as a percentage of turns spent in the entire game.
 B = Non-inter-level travel turns spent in this place as a percentage of non-inter-level travel turns spent in the entire game.
 C = Inter-level travel turns spent in this place as a percentage of turns spent in this place.
 D = Turns resting spent in this place as a percentage of non-inter-level travel turns spent in this place.
 E = Turns spent auto-exploring this place as a percentage of non-inter-level travel turns spent in this place.
 F = Non-inter-level travel turns spent in this place divided by the number of levels of this place that you've seen.
                   A       B       C       D       E      F
               +-------+-------+-------+-------+-------+----------------------
         Total | 100.0 | 100.0 |   0.6 |   3.3 |   7.6 | 349.6
       Dungeon |  97.1 |  97.1 |   0.6 |   3.4 |   7.7 | 387.9
        Temple |   2.9 |   2.9 |   1.2 |   0.0 |   4.9 |  82.0
               +-------+-------+-------+-------+-------+----------------------

Table legend:
 A = Kills in this place as a percentage of kills in entire the game.
 B = Kills by you in this place as a percentage of kills by you in the entire game.
 C = Kills by friends in this place as a percentage of kills by friends in the entire game.
 D = Other kills in this place as a percentage of other kills in the entire game.
 E = Experience gained in this place as a percentage of experience gained in the entire game.
 F = Experience gained in this place divided by the number of levels of this place that you have seen.
                   A       B       C       D       E      F
               +-------+-------+-------+-------+-------+----------------------
         Total | 100.0 | 100.0 |  -nan |  -nan | 100.0 | 326.0
       Dungeon | 100.0 | 100.0 |  -nan |  -nan | 100.0 | 372.6
               +-------+-------+-------+-------+-------+----------------------
